 Dungeon Crawl Stone Soup version 0.31-a0-705-ga145531891 (webtiles) character file.

Game seed: 9212677576910644092

11156 pokeman the Eclecticist (level 11, -6/63 HPs)
             Began as a Deep Elf Hedge Wizard on Sept 9, 2023.
             Was a Priest of Vehumet.
             Mangled by an orc warrior
             ... wielding a +0 halberd
              (7 damage)
             ... on level 11 of the Dungeon.
             The game lasted 00:37:20 (12161 turns).

pokeman the Eclecticist (Deep Elf Hedge Wizard)    Turns: 12161, Time: 00:37:21

Health: -6/63      AC: 16    Str: 11    XL:     11   Next: 45%
Magic:  41/41      EV: 13    Int: 24    God:    Vehumet [***...]
Gold:   623        SH:  0    Dex: 14    Spells: 18/40 levels left

rFire   . . .        y - +4 war axe of Circularity {vamp, rElec MP+9 Str+4}
rCold   . . .        (no shield)
rNeg    . . .        P - +0 steam dragon scales
rPois   .            n - +0 helmet
rElec   +            Z - +1 cloak {Will+}
rCorr   .            p - +0 pair of gloves
SInv    .            Q - +1 pair of boots {rampage}
Will    ++...        X - amulet of magic regeneration
Stlth   ++           G - +4 ring of protection
HPRegen 0.30/turn    T - ring of flight
MPRegen 0.67/turn

%: rampage
@: flying
A: no striking features
a: Renounce Religion


You were on level 11 of the Dungeon.
You worshipped Vehumet.
Vehumet was most pleased with you.
You visited 2 branches of the dungeon, and saw 12 of its levels.
You also visited: Sewer and Gauntlet.

You collected 695 gold pieces.
You spent 72 gold pieces at shops.

Inventory:

Hand Weapons
 w - a +2 dagger of venom
 y - the +4 war axe of Circularity (weapon) {vamp, rElec MP+9 Str+4}
   (You found it on level 4 of the Dungeon)

   Str+4:     It affects your strength (+4).
   rElec:     It insulates you from electricity.
   MP+9:      It affects your magic capacity (+9).
 M - a +4 quarterstaff of chaos
Missiles
 b - 5 curare-tipped darts
Armour
 n - a +0 helmet (worn)
 p - a +0 pair of gloves (worn)
 N - a scarf of harm
 P - +0 steam dragon scales (worn)
 Q - a +1 pair of boots of rampaging (worn)
 Z - a +1 cloak of willpower (worn)
Magical Staves
 U - a staff of conjuration
Jewellery
 h - a ring of positive energy
 i - the amulet of Light {Reflect Dex+3 SH+5}
   (You found it in a Gauntlet)

   [amulet of reflection]

   Reflect:   It reflects blocked missile attacks.
   Dex+3:     It affects your dexterity (+3).
   SH+5:      It affects your SH (+5).
 m - a +6 ring of dexterity
 D - a ring of fire
 G - a +4 ring of protection (left hand)
 T - a ring of flight (right hand)
 W - a ring of protection from cold
 X - an amulet of magic regeneration (around neck)
 Y - a ring of ice
Wands
 a - a wand of digging (4)
 t - a wand of polymorph (8)
 z - a wand of quicksilver (31)
 K - a wand of mindburst (11)
 O - a wand of roots (2)
 S - a wand of flame (16)
Scrolls
 c - 3 scrolls of fear
 e - 3 scrolls of immolation
 f - a scroll of amnesia
 g - 3 scrolls of teleportation
 j - a scroll of blinking
 k - 3 scrolls of noise
 r - 2 scrolls of summoning
 s - 2 scrolls of silence
 C - a scroll of brand weapon
 E - a scroll of enchant armour
 F - 3 scrolls of fog
 L - a scroll of vulnerability {unknown}
 R - a scroll of poison {unknown}
 V - a scroll of revelation {unknown}
Potions
 d - 2 potions of magic
 l - a potion of cancellation {unknown}
 o - 3 potions of enlightenment {unknown}
 q - a potion of attraction {unknown}
 u - 3 potions of might {unknown}
 v - 5 potions of brilliance {unknown}
 x - a potion of berserk rage {unknown}
 A - 2 potions of heal wounds
 B - 6 potions of haste {unknown}
 H - 5 potions of curing {unknown}
 I - a potion of mutation {unknown}
 J - 3 potions of lignification {unknown}


   Skills:
 - Level 5.0 Fighting
 + Level 3.9 Armour
 - Level 3.0 Dodging
 - Level 3.1 Stealth
 - Level 1.0 Shields
 * Level 15.4 Spellcasting
 + Level 9.0 Conjurations
 - Level 1.1 Summonings
 - Level 1.1 Translocations
 + Level 8.3 Fire Magic
 - Level 1.0 Air Magic
 - Level 1.0 Poison Magic
 - Level 1.0 Evocations


You had 18 spell levels left.
You knew the following spells:

 Your Spells              Type           Power      Damage    Failure   Level
a - Magic Dart            Conj           100%       1d8       1%          1
b - Mephitic Cloud        Conj/Pois/Air  36%        N/A       1%          3
c - Call Imp              Summ           46%        N/A       3%          2
d - Blink                 Tloc           46%        N/A       3%          2
e - Starburst             Conj/Fire      28%        6d9       3%          6
f - Orb of Destruction    Conj           29%        9d9       16%         7
g - Apportation           Tloc           46%        N/A       1%          1

Your spell library contained the following spells:

 Spells                   Type           Power      Damage    Failure   Level
 Inner Flame              Hex/Fire       38%        N/A       1%          3
 Shock                    Conj/Air       100%       1d9       1%          1
 Summon Small Mammal      Summ           92%        N/A       1%          1
 Momentum Strike          Conj/Tloc      86%        3d10      1%          2
 Poisonous Vapours        Pois/Air       46%        N/A       1%          2
 Dazzling Flash           Conj/Hex       80%        N/A       1%          3
 Volatile Blastmotes      Fire/Tloc      82%        2d16      1%          3
 Sting                    Tmut/Pois      80%        1d7       2%          1
 Slow                     Hex            72%        N/A       3%          1
 Cigotuvi's Dreadful Rot  Necr/Pois/Air  42%        N/A       3%          2
 Lesser Beckoning         Tloc           46%        N/A       3%          2
 Airstrike                Air            11%        2d(2-18)  5%          4
 Olgreb's Toxic Radiance  Pois           23%        N/A       5%          4
 Call Canine Familiar     Summ           23%        N/A       6%          3
 Swiftness                Air            23%        N/A       6%          3
 Summon Guardian Golem    Hex/Summ       21%        N/A       8%          3
 Summon Forest            Summ/Tloc      11%        N/A       47%         5
 Summon Mana Viper        Hex/Summ       21%        N/A       56%         5
 Spellforged Servitor     Conj/Summ      21%        N/A       58%         7
 Summon Cactus Giant      Summ           11%        N/A       96%         6
 Maxwell's Capacitive Co  Air            11%        ∞         100%        8


Dungeon Overview and Level Annotations

Branches:
Dungeon (11/15)            Temple (1/1) D:6            Lair (0/5) D:9
    Orc (0/2) D:11          Sewer (visited)         Gauntlet (visited)

Altars:
Ashenzari
Cheibriados
Dithmenos
Elyvilon
Fedhas
Gozag
Hepliaklqana
Kikubaaqudgha
Makhleb
Nemelex Xobeh
Okawaru
Qazlal
Ru
Sif Muna
Trog
Uskayaw
Vehumet
Wu Jian
Xom
Yredelemnul
Zin
The Shining One

Shops:
D:8 !

Portals:
Trove: D:10 (give +5 fire dragon scales)

Annotations:
D:8 Loot behind rock


Message History

A two-headed ogre comes into view.
It is wielding a +0 dire flail and a +0 giant club.
The two-headed ogre moves out of view.
Found a scroll of fog.
Found a glowing chain mail.
You hear the loud crackling of a melting archway nearby.
You see here a +3 chain mail.
You see here a +3 chain mail.
An orc warrior comes into view. It is wielding a +0 halberd.
The orc warrior shouts!
You hear a shout!
An orc opens the door.
An orc priest and 3 orcs come into view.
Found a scimitar.
The orc priest moves out of view.
The orc moves out of view. x3
You rampage towards the orc!
An orc priest, an orc warrior and 2 orcs come into view.
The orc warrior is wielding a +0 vampiric battleaxe.
An orc is wielding a +0 whip of venom.
The orc shouts!
The orc warrior shouts!
The orc priest shouts!
The orc shouts! x3
An orc priest comes into view. It is wielding a +0 club.
The orc shouts!
You hear a shout!
The orc shouts!
An orc comes into view. It is wielding a +0 war axe.
You hear a shout! x3
The orc priest invokes the aid of Beogh against the orc warrior.
Beogh smites you!
An orc warrior comes into view. It is wielding a +0 dire flail.
Found a roughly hewn altar of Beogh.
The orc priest calls down the wrath of Beogh upon you.
Beogh smites you!
The orc warrior hits you from afar with a +0 halberd!
* * * LOW HITPOINT WARNING * * *
The orc attacks as it pursues you! The orc barely misses you.
An orc comes into view.
It is wielding a +0 dagger and wearing a +0 ring mail of poison resistance.
An orc warrior comes into view. It is wielding a +0 dire flail.
Found a staircase to the Orcish Mines.
The orc warrior shouts!
You hear a shout!
An orc comes into view. It is wielding a +0 dagger.
An orc comes into view. It is wielding a +0 hand axe.
The orc priest invokes the aid of Beogh against you.
Beogh smites you!
* * * LOW HITPOINT WARNING * * *
The orc warrior hits you from afar with a +0 halberd!
You die... .>..... o.......# oo.oo...# oo.ooo..# .ooooo

'8#####8o8###
...o....oo..#####
..........@.....#
###
####.o.#######
#.. #.### ### #.
#.# ##...#####.#
........[..#
#.### ### ##
###.######.#
#.##.##.###. #.#
##.##>.......
#.###
#...##...###.


You could see 4 orc warriors, 3 orc priests and 12 orcs.

Vanquished Creatures
  A minotaur (Gauntlet)
  A death scarab (Gauntlet)
  4 lindwurms (D:10)
  Maurice (D:9)
  An apocalypse crab (Gauntlet)
  A rust devil (Gauntlet)
  A gargoyle (D:10)
  A komodo dragon (D:9)
  3 trolls
  A polar bear (D:11)
  A hornet (D:10)
  2 yaks (D:11)
  A basilisk (D:11)
  A spectral komodo dragon (Gauntlet)
  A wraith (D:9)
  Eustachio (D:5)
  4 steam dragons
  A water moccasin (D:8)
  4 ice beasts
  3 orc warriors
  2 sky beasts
  2 black bears
  2 wolves (D:11)
  4 centaurs
  3 kobold brigands
  7 bullfrogs
  A gnoll sergeant (D:10)
  2 scorpions
  5 wights (D:9)
  4 killer bees (D:9)
  4 howler monkeys
  An orc priest (D:9)
  A jelly (D:5)
  Crazy Yiuf (D:7)
  2 gnoll boudas
  3 hounds
  An iron imp (Gauntlet)
  4 iguanas
  8 orc wizards
  A statue (D:6)
  12 gnolls
  6 river rats
  16 adders
  A shadow imp (D:5)
  3 white imps
  An ufetubus (D:11)
  2 worms
  2 dart slugs
  27 orcs
  4 bats
  12 endoplasms
  6 giant cockroaches
  7 hobgoblins
  6 jackals
  4 quokkas
  25 ball pythons
  17 frilled lizards
  7 goblins
  15 kobolds
  27 rats
292 creatures vanquished.

Vanquished Creatures (collateral kills)
  A killer bee (D:9)
  2 jackals (D:2)
3 creatures vanquished.

Vanquished Creatures (others)
  A killer bee (D:9)
1 creature vanquished.

Grand Total: 296 creatures vanquished

Notes
Turn   | Place    | Note
-------+----------+-------------------------------------------
     0 | D:1      | pokeman the Deep Elf Hedge Wizard began the quest for the
                  | Orb.
     0 | D:1      | Reached XP level 1. HP: 10/10 MP: 7/7
   190 | D:1      | Reached XP level 2. HP: 12/16 MP: 1/9
   827 | D:1      | Reached skill level 5 in Spellcasting
   986 | D:1      | Reached XP level 3. HP: 20/20 MP: 8/11
   990 | D:1      | Learned a level 3 spell: Mephitic Cloud
   993 | D:1      | Learned a level 2 spell: Call Imp
   996 | D:1      | Learned a level 2 spell: Blink
  1243 | D:2      | Reached skill level 1 in Fighting
  1535 | D:2      | Reached skill level 1 in Armour
  2011 | D:2      | Reached XP level 4. HP: 25/25 MP: 8/13
  2973 | D:3      | Reached skill level 6 in Spellcasting
  3049 | D:3      | Reached XP level 5. HP: 29/29 MP: 11/15
  3612 | D:3      | Reached skill level 1 in Shields
  3944 | D:4      | Found a shimmering altar of Xom.
  3977 | D:4      | Reached skill level 1 in Evocations
  3980 | D:4      | Reached XP level 6. HP: 31/34 MP: 8/17
  4026 | D:4      | Reached skill level 7 in Spellcasting
  4034 | D:4      | Reached skill level 1 in Poison Magic
  4042 | D:4      | Learned a level 6 spell: Starburst
  4168 | D:4      | Reached skill level 1 in Air Magic
  4274 | D:4      | Identified the +4 war axe of Circularity {vamp, rElec MP+9
                  | Str+4}
  4329 | D:4      | Found a glowing drain.
  4342 | Sewer    | Entered a sewer
  4399 | Sewer    | Reached skill level 1 in Fire Magic
  4573 | Sewer    | Reached XP level 7. HP: 36/38 MP: 14/20
  4592 | Sewer    | Reached skill level 8 in Spellcasting
  5205 | D:5      | Entered Level 5 of the Dungeon
  5507 | D:5      | Reached XP level 8. HP: 40/44 MP: 17/22
  5528 | D:5      | Reached skill level 9 in Spellcasting
  5875 | D:5      | Noticed Eustachio
  5885 | D:5      | Killed Eustachio
  6039 | D:6      | Found a staircase to the Ecumenical Temple.
  6047 | Temple   | Entered the Ecumenical Temple
  6058 | Temple   | Reached skill level 5 in Conjurations
  6235 | D:6      | Reached skill level 10 in Spellcasting
  6300 | D:6      | Found a glowing golden altar of the Shining One.
  6300 | D:6      | Found a glowing silver altar of Zin.
  6300 | D:6      | Found a white marble altar of Elyvilon.
  6350 | D:6      | Found a broken altar of Ashenzari.
  6536 | D:6      | Found a radiant altar of Vehumet.
  6565 | D:6      | Became a worshipper of Vehumet
  6834 | D:7      | HP: 2/44 [something/ball of steam (14)]
  6988 | D:6      | Upgraded the game from 0.31-a0-703-gcfe89afef6 to
                  | 0.31-a0-705-ga145531891
  7001 | D:7      | Reached XP level 9. HP: 43/48 MP: 22/25
  7224 | D:7      | Reached skill level 11 in Spellcasting
  7530 | D:7      | Found a runed translucent door.
  7531 | D:7      | Noticed Crazy Yiuf
  7542 | D:7      | Killed Crazy Yiuf
  7593 | D:8      | Found a shimmering blue altar of Sif Muna.
  7632 | D:8      | Reached skill level 5 in Fire Magic
  7780 | D:8      | Reached * piety under Vehumet
  7780 | D:8      | Offered knowledge of Freeze by Vehumet.
  7878 | D:8      | Found a stormy altar of Qazlal.
  7957 | D:8      | Found an ornate altar of the Wu Jian Council.
  8201 | D:8      | Reached skill level 12 in Spellcasting
  8483 | D:8      | Got Sif Muna's Anthology of the Excursion
  8523 | D:8      | Found Bahif's Distillery.
  8531 | D:8      | Bought a potion of degeneration for 12 gold pieces
  8531 | D:8      | Bought a potion of heal wounds for 60 gold pieces
  9105 | D:9      | Learned a level 7 spell: Orb of Destruction
  9131 | D:9      | Found a sacrificial altar of Ru.
  9337 | D:9      | Noticed Maurice
  9359 | D:9      | Killed Maurice
  9360 | D:9      | Reached XP level 10. HP: 55/56 MP: 26/28
  9462 | D:9      | Found a staircase to the Lair.
  9485 | D:9      | Reached skill level 13 in Spellcasting
  9589 | D:9      | Reached ** piety under Vehumet
  9862 | D:10     | Entered Level 10 of the Dungeon
  9870 | D:9      | Offered knowledge of Static Discharge by Vehumet.
 10095 | D:10     | Noticed a lindwurm
 10207 | D:10     | Noticed a lindwurm
 10209 | D:10     | Noticed a lindwurm
 10213 | D:10     | Noticed a lindwurm
 10217 | D:10     | Killed a lindwurm
 10224 | D:10     | Killed a lindwurm
 10236 | D:10     | Killed a lindwurm
 10237 | D:10     | Reached skill level 14 in Spellcasting
 10425 | D:10     | Killed a lindwurm
 10547 | D:10     | Found an opulent altar of Gozag.
 10957 | D:10     | Noticed a gargoyle
 10966 | D:10     | Killed a gargoyle
 11240 | D:10     | Reached XP level 11. HP: 47/62 MP: 31/31
 11351 | D:10     | Reached skill level 5 in Fighting
 11423 | D:10     | Found a portal to a secret trove of treasure.
 11557 | D:11     | Found a gate leading to a gauntlet.
 11564 | Gauntlet | Entered a Gauntlet
 11564 | Gauntlet | Found a transporter.
 11564 | Gauntlet | Found a runed translucent door.
 11564 | Gauntlet | Found a runed translucent door.
 11564 | Gauntlet | Found a transporter.
 11564 | Gauntlet | Found a transporter.
 11586 | Gauntlet | Found a transporter.
 11588 | Gauntlet | Found a large runed translucent door.
 11589 | Gauntlet | Found a large runed translucent door.
 11590 | Gauntlet | Found a large runed translucent door.
 11590 | Gauntlet | Found a large runed translucent door.
 11590 | Gauntlet | Found a runed translucent door.
 11590 | Gauntlet | Found a runed translucent door.
 11591 | Gauntlet | Found a large runed translucent door.
 11592 | Gauntlet | Found a large runed translucent door.
 11592 | Gauntlet | Found a large runed translucent door.
 11592 | Gauntlet | Found a large runed translucent door.
 11592 | Gauntlet | Found a large runed translucent door.
 11592 | Gauntlet | Found a large runed translucent door.
 11593 | Gauntlet | Found a large runed translucent door.
 11593 | Gauntlet | Found a large runed translucent door.
 11593 | Gauntlet | Found a large runed translucent door.
 11593 | Gauntlet | Found a large runed translucent door.
 11594 | Gauntlet | Found a large runed translucent door.
 11594 | Gauntlet | Found a large runed translucent door.
 11599 | Gauntlet | Found a runed translucent gate.
 11599 | Gauntlet | Found a runed translucent gate.
 11599 | Gauntlet | Found a runed translucent gate.
 11600 | Gauntlet | Noticed a fire crab
 11601 | Gauntlet | Found a transporter.
 11604 | Gauntlet | Found a transporter.
 11619 | Gauntlet | Noticed a large abomination
 11622 | Gauntlet | Found a transporter.
 11639 | Gauntlet | Found a transporter.
 11656 | Gauntlet | Found a transporter.
 11656 | Gauntlet | Found a transporter.
 11665 | Gauntlet | Found a transporter.
 11668 | Gauntlet | Found a transporter.
 11673 | Gauntlet | Noticed a death scarab
 11717 | Gauntlet | Killed a death scarab
 11800 | Gauntlet | Learned a level 1 spell: Apportation
 11803 | Gauntlet | Identified the amulet of Light {Reflect Dex+3 SH+5}
 11906 | Gauntlet | Noticed a minotaur
 11915 | Gauntlet | Killed a minotaur
 11916 | Gauntlet | Reached skill level 15 in Spellcasting
 12006 | D:11     | Noticed a two-headed ogre
 12038 | D:11     | Offered knowledge of Inner Flame by Vehumet.
 12099 | D:11     | Reached *** piety under Vehumet
 12134 | D:11     | Noticed a two-headed ogre
 12161 | D:11     | Found a staircase to the Orcish Mines.
 12161 | D:11     | HP: 1/63 [orc priest/divine providence (10)]
 12161 | D:11     | Mangled by an orc warrior

Illustrated notes

Levels and vault maps discovered:
D:1:      saegor_arrival_simple_d, layout_rooms, hangedman_decor_push
D:2:      layout_loops_ring, ebering_dispersal_statue_hall, minmay_lizard_king
D:3:      minmay_chambers_of_threes, layout_basic, grunt_ministairs_13,
          nicolae_half_adder
D:4:      layout_basic, xom_teletrap_fun, portal_sewer_entry_e
D:5:      minmay_skewed_foursquare, layout_cave_pools, uniq_eustachio
D:6:      layout_rooms, good_gods_mini_temple, vehumet_statue,
          evilmike_ruin_ashenzari, minmay_temple_entry_stoned_glass
D:7:      layout_rooms, uniq_crazy_yiuf_cottage
D:8:      cheibrodos_quashed, layout_loops_ring,
          nicolae_qazlal_eye_of_the_storm, nicolae_wu_jian_immortal_techniques,
          led_sif_book, serial_shops, shop
D:9:      layout_rooms, nicolae_ru_the_path_less_chosen, david_lair_shrubbed,
          serial_rivers, chequers_serial_rivers_small_a,
          chequers_serial_rivers_large_a, chequers_serial_rivers_micro_d,
          chequers_serial_rivers_room_a, chequers_serial_rivers_room_b,
          uniq_maurice
D:10:     layout_grid_maze, grunt_gozag_statues, trove_entry_hex_spiral,
          nicolae_concentric_dashed_squares_wild, minmay_lindwurm_lava
D:11:     layout_loops_ring, david_orc_5, serial_ice, serial_ice_d,
          serial_ice_b, serial_ice_m, serial_ice_g,
          portal_ice_cave_entry_animals_and_master, gauntlet_entry_generic,
          uniq_josephine, uniq_sonja
Temple:   nicolae_temple_ecumenical_triangle

Skill      XL: |  1  2  3  4  5  6  7  8  9 10 11 |
---------------+----------------------------------+-----
Spellcasting   | 5 6 7 8 10 12 14 15 | 15.4
Fighting       | 1 2 3 4 5 |  5.0
Armour         | 1 2 3 |  3.9
Conjurations   | 2 3 4 5 7 8 9 |  9.0
Dodging        | 3 |  3.0
Shields        | 1 |  1.0
Stealth        | 3 |  3.1
Evocations     | 1 |  1.0
Poison Magic   | 1 |  1.0
Air Magic      | 1 |  1.0
Fire Magic     | 1 2 4 6 7 8 |  8.3
Summonings     | |  1.1
Translocations | |  1.1

Action                     |  1- 3 |  4- 6 |  7- 9 | 10-12 || total
---------------------------+-------+-------+-------+-------++-------
  Melee: Dagger            |    19 |   112 |   240 |    43 ||   414
         Punch             |       |     2 |     3 |     2 ||     7
         Quarterstaff      |       |       |       |    11 ||    11
         War axe           |       |       |       |    11 ||    11
   Cast: Magic Dart        |   116 |    97 |   165 |    77 ||   455
         Mephitic Cloud    |     1 |    17 |    35 |    21 ||    74
         Call Imp          |     1 |       |     4 |     6 ||    11
         Blink             |       |       |     4 |     3 ||     7
         Starburst         |       |       |       |    22 ||    22
         Apportation       |       |       |       |     2 ||     2
  Evoke: Wand              |       |       |       |    12 ||    12
    Use: Scroll            |       |       |       |    11 ||    11
   Stab: Confused          |     1 |    12 |    25 |     8 ||    46
         Sleeping          |       |       |     1 |       ||     1
 Armour: Robe              |    12 |    83 |   123 |       ||   218
         Steam dragon scal |       |       |    22 |    79 ||   101
  Dodge: Dodged            |    20 |   111 |   180 |    73 ||   384

Table legend: (Time is in decaauts)
 A = Elapsed time spent in this place.
 B = Non-inter-level travel time spent in this place.
 C = Inter-level travel time spent in this place.
 D = Time resting spent in this place.
 E = Time spent auto-exploring this place.
 F = Levels seen in this place.
 G = Mean time per level.
                   A        B        C        D        E       F      G
               +--------+--------+--------+--------+--------+-----+--------+
         Total |  12267 |  12021 |    246 |    759 |   8138 |  14 |  876.2 |
       Dungeon |  11253 |  11007 |    246 |    651 |   7944 |  11 | 1023.0 |
        Temple |     71 |     71 |      0 |      0 |     60 |   1 |   71.0 |
         Sewer |    503 |    503 |      0 |      0 |    114 |   1 |  503.0 |
      Gauntlet |    439 |    439 |      0 |    108 |     20 |   1 |  439.0 |
               +--------+--------+--------+--------+--------+-----+--------+

Top non-repeatable levels by time:
    D:10: 1519 daAuts
     D:3: 1502 daAuts
     D:9: 1429 daAuts
     D:2: 1270 daAuts
     D:1: 1105 daAuts
     D:8: 1029 daAuts
     D:4: 890 daAuts
     D:5: 833 daAuts
     D:7: 761 daAuts
     D:6: 718 daAuts
   Sewer: 503 daAuts
Gauntlet: 439 daAuts
    D:11: 192 daAuts
  Temple: 71 daAuts
